 Dungeon Crawl Stone Soup version 0.27.0-1-g7a089689b8 (webtiles) character file.

Game seed: 7156885612182667461

67 sanka the Skirmisher (level 4, -2/49 HPs)
             Began as an Ogre Enchanter on Aug 13, 2021.
             Was a Believer of Fedhas.
             Succumbed to an adder's poison
             ... on level 3 of the Dungeon.
             The game lasted 00:03:12 (2595 turns).

sanka the Skirmisher (Ogre Enchanter)               Turns: 2595, Time: 00:03:13

Health: -2/49      AC:  3    Str: 13    XL:     4   Next: 16%
Magic:  7/7        EV:  4    Int: 16    God:    Fedhas [**....]
Gold:   157        SH: 12    Dex:  9    Spells: 6/7 levels left

rFire    . . .     SeeInvis .   g - +0 whip
rCold    . . .     Faith    .   i - +2 tower shield
rNeg     . . .     Spirit   .   b - +0 robe
rPois    .         Reflect  .   (helmet restricted)
rElec    .         Harm     .   (no cloak)
rCorr    .         Rampage  .   (gloves unavailable)
Will     .....                  (boots unavailable)
Stlth    ++........             (no amulet)
HPRegen  0.16/turn              (no ring)
MPRegen  0.10/turn              (no ring)

@: lethally poisoned (-2 -> -12)
A: large, unfitting armour, tough skin 1
a: Renounce Religion, Wall of Briars


You were on level 3 of the Dungeon.
You worshipped Fedhas.
Fedhas was pleased with you.
You visited 1 branch of the dungeon, and saw 3 of its levels.

You collected 157 gold pieces.


Innate Abilities, Weirdness & Mutations

You are too large for most types of armour.
You have tough skin. (AC +1)


   Skills:
 + Level 4.6 Fighting
 - Level 0.8 Short Blades
 - Level 1.7 Dodging
 - Level 2.1 Stealth
 - Level 2.4 Spellcasting
 - Level 2.6 Hexes
 + Level 0.9 Invocations


You had 6 spell levels left.
You knew the following spells:

 Your Spells              Type           Power      Damage    Failure   Level
Z - Corona                Hex            11%        N/A       86%         1

Your spell library contained the following spells:

 Spells                   Type           Power      Damage    Failure   Level
 Ensorcelled Hibernation  Hex/Ice        12%        N/A       99%         2
 Confusing Touch          Hex            10%        N/A       99%         3
 Tukima's Dance           Hex            10%        N/A       99%         3
 Dazzling Flash           Conj/Hex       12%        N/A       100%        3

Inventory:

Hand Weapons
 a - a +1 dagger
 g - a +0 whip (weapon)
Armour
 b - a +0 robe (worn)
 i - a +2 tower shield (worn)
Scrolls
 d - 2 scrolls of immolation {unknown}
 e - 3 scrolls of identify {unknown}
 f - 3 scrolls of magic mapping {unknown}
 j - a scroll of enchant weapon {unknown}
Potions
 c - a potion of cancellation {unknown}
 h - a potion of flight {unknown}

Dungeon Overview and Level Annotations

Branches:
Dungeon (3/15)

Altars:
Fedhas
Yredelemnul
Zin

Annotations:
D:3 exclusion: 2 gnolls

▒......▒▒▒.▒......▒▒▒...▒▒▒▒▒.
▒......▒ ▒........▒▒▒▒▒▒▒ ▒▒
▒......▒▒▒▒.......).▒▒▒ ▒
▒▒▒▒▒▒▒▒▒......▒.▒▒...▒▒▒▒▒ ▒
▒▒.▒..▒.....▒▒..)..▒▒▒▒
▒▒▒▒....▒▒(.▒▒.....▒▒.....
▒.....▒▒▒..▒▒▒▒▒▒▒..▒▒▒▒▒▒
▒..▒▒▒▒ ▒.▒▒ ▒▒.▒▒▒ ▒▒.▒▒ ▒O▒
▒...▒ ▒▒..▒ ▒S▒ ▒▒▒.▒
▒▒▒▒▒▒...▒▒▒ .)▒ ▒.▒▒
▒A▒.8▒.....▒ ▒.▒▒ ▒..▒▒▒
▒▒▒..▒.....▒ ▒. ▒▒...▒
▒....'.....▒ ▒. ▒▒▒..
▒....▒....>▒ .. ▒▒▒
▒_..8▒.....▒ .▒ ▒▒▒▒▒▒.....▒


You could see an adder.


Message History

The adder is lightly wounded.
You block the adder's attack. The adder bites you but does no damage.
Unknown command.
You hit the adder.
The adder is moderately wounded.
The adder barely misses you. The adder bites you but does no damage.
Unknown command.
You hit the adder.
The adder is almost dead.
The adder bites you but does no damage. You block the adder's attack.
The adder bites you.
* * * LOW HITPOINT WARNING * * *
You are poisoned.
The adder poisons you!
You barely miss the adder.
The adder is almost dead.
* * * LOW HITPOINT WARNING * * *
You feel sick. The adder bites you.
* * * LOW HITPOINT WARNING * * *
You are more poisoned.
The adder poisons you! You block the adder's attack.
You hit the adder.
The adder is almost dead.
You die...
Fedhas appreciates your contribution to the ecosystem.

Action                   |  1- 3 |  4- 6 || total
-------------------------+-------+-------++-------
Melee: Dagger            |    82 |       ||    82
       Whip              |    86 |    45 ||   131
 Stab: Sleeping          |     3 |     3 ||     6
Armor: Robe              |    76 |    13 ||    89
Dodge: Dodged            |    95 |     7 ||   102
Block: Tower shield      |    17 |    36 ||    53

Levels and vault maps discovered:
D:1:      scummos_arrival_forest, layout_rooms, shapermc_ecumenical_altar_gd
D:2:      layout_basic
D:3:      layout_rooms, zin_angel, mainiacjoe_overflow_tiny_flanked,
          minmay_misc_feat_room

Notes
Turn   | Place    | Note
-------+----------+-------------------------------------------
     0 | D:1      | sanka the Ogre Enchanter began the quest for the Orb.
     0 | D:1      | Reached XP level 1. HP: 16/16 MP: 3/3
    56 | D:1      | Found a faded altar of an unknown god.
    64 | D:1      | Became a worshipper of Fedhas Madash
    64 | D:1      | Reached * piety under Fedhas
   101 | D:1      | Reached skill level 1 in Fighting
   389 | D:1      | Reached skill level 2 in Fighting
   390 | D:1      | Reached XP level 2. HP: 11/28 MP: 5/5
   573 | D:1      | Reached skill level 3 in Fighting
   952 | D:1      | Reached XP level 3. HP: 37/37 MP: 6/6
  1428 | D:2      | Reached ** piety under Fedhas
  1429 | D:2      | Reached skill level 4 in Fighting
  2185 | D:3      | Reached XP level 4. HP: 34/49 MP: 7/7
  2346 | D:3      | Found a basalt altar of Yredelemnul.
  2539 | D:3      | Found a glowing silver altar of Zin.
  2539 | D:3      | Noticed an angel
  2594 | D:3      | HP: 1/49 [adder (4)]
  2595 | D:3      | Succumbed to an adder's poison

Vanquished Creatures
  A worm (D:2)
  2 dart slugs
  An orc (D:3)
  4 ball pythons
  7 bats
  8 endoplasms
  3 giant cockroaches
  5 goblins
  5 hobgoblins
  4 jackals (D:1)
  3 kobolds
  3 frilled lizards (D:1)
  4 rats
50 creatures vanquished.
